 Dungeon Crawl Stone Soup version 0.26-a0-597-gb535b0901c (webtiles) character file.

Game seed: 16609590377720637932

(classic levelgen) 232404 EnegeticOcto the Rapturous (level 18, -1/168 HPs)
             Began as a Deep Dwarf Fighter on Aug 26, 2020.
             Was a Believer of Uskayaw.
             Slain by an azure jelly (5 damage)
             ... on level 5 of the Pits of Slime.
             The game lasted 00:18:34 (17764 turns).

EnegeticOcto the Rapturous (Deep Dwarf Fighter)    Turns: 17764, Time: 00:18:35

Health: -1/168     AC:  3    Str: 26    XL:     18   Next: 38%
Magic:  10/17      EV:  6    Int: 11    God:    Uskayaw [**....]
Gold:   1383       SH: 22    Dex: 14    Spells: 17/17 levels left

rFire    . . .     SeeInvis +   s - +6 war axe (vamp)
rCold    + . .     Faith    +   S - +2 tower shield {reflect}
rNeg     + . .     Spirit   .   Q - +3 plate armour {MR+}
rPois    +         Reflect  +   N - +0 mask of the Dragon {MR+ Slay+3 SInv}
rElec    .         Harm     .   (no cloak)
rCorr    +                      (no gloves)
MR       +++++                  M - +2 pair of boots
Stlth    ..........             f - amulet of faith
HPRegen  0.00/turn              J - ring of Lauta {rPois rC+ MR++ Str+2 Dex+2}
MPRegen  0.15/turn              x - ring of resist corrosion

@: corroded, non-regenerating
A: damage resistance, heal wounds, low mp 1, negative energy resistance 1, sense
surroundings 3, weak 1, no regeneration
}: 2/15 runes: serpentine, barnacled
a: Heal Wounds, Stomp, Line Pass, Renounce Religion


You were on level 5 of the Pits of Slime.
You worshipped Uskayaw.
Uskayaw was greatly pleased with you.
You visited 7 branches of the dungeon, and saw 34 of its levels.
You also visited: Gauntlet.

You collected 3714 gold pieces.
You spent 2331 gold pieces at shops.

Inventory:

Hand Weapons
 s - a +6 vampiric war axe (weapon)
 u - a +0 vampiric war axe
 R - the +3 war axe "Lain" {holy, *Rage MR+ Str+3 Dex+2}
   (You found it in a Gauntlet)

   It has been blessed by the Shining One to cause great damage to the undead
   and demons.
   It affects your strength (+3).
   It affects your dexterity (+2).
   It affects your resistance to hostile enchantments.
   It may make you go berserk in combat.
Missiles
 b - 11 throwing nets (quivered)
Armour
 M - a +2 pair of boots (worn)
 N - the +0 mask of the Dragon (worn) {MR+ Slay+3 SInv}
   (You found it in a Gauntlet)

   It affects your accuracy and damage with ranged weapons and melee attacks
   (+3).
   It affects your resistance to hostile enchantments.
   It lets you see invisible.
 Q - a +3 plate armour of magic resistance (worn)
 S - a +2 tower shield of reflection (worn)
Jewellery
 c - the ring "Kimeng" {rPois rF+ MR+ MP+9}
   (You bought it in a shop on level 1 of the Orcish Mines)

   [ring of protection from magic]

   It protects you from fire.
   It protects you from poison.
   It affects your resistance to hostile enchantments.
   It affects your magic capacity (+9).
 f - an amulet of faith (around neck)
 m - a +6 ring of strength {unknown}
 v - a +4 ring of protection
 x - a ring of resist corrosion (right hand)
 I - an uncursed amulet of regeneration {unknown}
 J - the ring of Lauta (left hand) {rPois rC+ MR++ Str+2 Dex+2}
   (You found it on level 2 of the Lair of Beasts)

   [ring of protection from cold]

   It affects your strength (+2).
   It affects your dexterity (+2).
   It protects you from cold.
   It protects you from poison.
   It affects your resistance to hostile enchantments.
 P - a cursed ring of teleportation {unknown}
 W - an uncursed amulet of the acrobat
 X - a +6 ring of intelligence {unknown}
Wands
 a - a wand of iceblast (17)
 e - a wand of flame (20) {@v4}
 h - a wand of polymorph (42)
 w - a wand of acid (10) {@v1}
 y - a wand of digging (11) {@v3}
 E - a wand of paralysis (5)
 O - a wand of disintegration (9)
Scrolls
 g - 6 scrolls of fog
 p - 5 scrolls of magic mapping {@r5}
 r - 6 scrolls of enchant armour
 t - 8 scrolls of teleportation {@r3}
 A - 3 scrolls of remove curse {@r2}
 L - a scroll of blinking
 T - 2 scrolls of fear
Potions
 d - 3 potions of might {@q3}
 j - 2 potions of ambrosia
 k - 10 potions of curing {@q1}
 l - 10 potions of haste {@q4}
 n - a potion of mutation
 o - 5 potions of cancellation
 q - 5 potions of heal wounds {@q2}
 z - a potion of invisibility
 C - 4 potions of flight
 D - 2 potions of stabbing {@q5}
 F - 3 potions of berserk rage
 H - 4 potions of lignification {@q7}
 K - 2 potions of resistance {@q6}
Miscellaneous
 i - a condenser vane (2/2)
 U - a box of beasts (3/3)
 V - a tin of tremorstones (inert)


   Skills:
 + Level 12.2 Fighting
 * Level 18.8 Axes
 + Level 14.2 Armour
 + Level 14.2 Shields
 * Level 20.3 Invocations
 - Level 10.0 Evocations


You had 17 spell levels left.
You didn't know any spells.
Your spell library contained the following spells:

 Spells                   Type           Power        Failure   Level
 Beastly Appendage        Tmut           #.....       100%        1
 Wereblood                Tmut           #.......     100%        2
 Spider Form              Tmut/Pois      #.........   100%        3
 Ice Form                 Ice/Tmut       #.......     100%        4
 Blade Hands              Tmut           #.........   100%        5


Dungeon Overview and Level Annotations

Branches:
Dungeon (12/15)            Temple (1/1) D:6            Lair (6/6) D:11
 Shoals (4/4) Lair:3        Snake (4/4) Lair:4        Slime (5/5) Lair:6
    Orc (2/2) D:10            Elf (0/3) Orc:2       Gauntlet (visited)

Altars:
Ashenzari
Cheibriados
Dithmenos
Elyvilon
Fedhas
Hepliaklqana
Kikubaaqudgha
Makhleb
Nemelex Xobeh
Okawaru
Qazlal
Ru
Sif Muna
Trog
Uskayaw
Vehumet
Wu Jian
Xom
Yredelemnul
Zin
The Shining One
Jiyva

Shops:
D:6 *(   Orc:1 =   Orc:2 *[!:}?**(

Annotations:
Lair:5 exclusion: oklob plant
Shoals:2 Roxanne
Shoals:4 1 runed translucent door, DEFE's ghost, adept DsWn


Innate Abilities, Weirdness & Mutations

You are resistant to damage.
You can heal yourself by infusing magical energy.
You resist negative energy. (rN+)
You passively map a large area around you.
You do not regenerate.
Your magical capacity is low. (-10% MP)
You are weak. (Str -2)


Message History

The burst of rock shards engulfs the death ooze!!
The burst of rock shards engulfs the azure jelly.
The burst of rock shards engulfs the acid blob!!
The burst of rock shards engulfs the acid blob!
The burst of rock shards engulfs the azure jelly!
The burst of rock shards engulfs the acid blob!
The burst of rock shards engulfs the azure jelly! x3
The burst of rock shards engulfs the acid blob! x3
The burst of rock shards engulfs the azure jelly!!
The burst of rock shards engulfs the acid blob!!
The burst of rock shards engulfs the azure jelly! x3
The burst of rock shards engulfs the acid blob!!
The burst of rock shards engulfs the acid blob! x2
The burst of rock shards engulfs the azure jelly!!
The burst of rock shards engulfs the shining eye!
The burst of rock shards engulfs the azure jelly!
You block the slime creature's attack.
An acid blob comes into view.
You block the great orb of eyes's attack.
The acid blob hits you!!
You are splashed with acid.
You resist. The acid blob hits you!!
You are splashed with acid.
You resist.
Evoke which item? (* to show all) (? for menu, Esc to quit)
The tremorstone explodes into fragments!
The burst of rock shards engulfs the azure jelly!
The burst of rock shards engulfs the acid blob!! x2
The burst of rock shards engulfs the azure jelly!!
The burst of rock shards engulfs the acid blob!!
The burst of rock shards engulfs the shining eye!!
The burst of rock shards engulfs the acid blob!
The burst of rock shards engulfs the azure jelly!
The burst of rock shards engulfs the acid blob!! x2
You kill the acid blob!
That felt strangely unrewarding.
The burst of rock shards engulfs the azure jelly!
You kill the azure jelly!
That felt strangely unrewarding.
The burst of rock shards engulfs the acid blob!!
The burst of rock shards engulfs the azure jelly!
The burst of rock shards engulfs the acid blob! x2
The burst of rock shards engulfs you!
The burst of rock shards engulfs the azure jelly! x2
The burst of rock shards engulfs the death ooze!!
You destroy the death ooze!
That felt strangely unrewarding.
The burst of rock shards engulfs the azure jelly!!
You kill the azure jelly!
That felt strangely unrewarding.
The burst of rock shards engulfs the acid blob!!
The burst of rock shards engulfs the azure jelly!!
The burst of rock shards engulfs the azure jelly!
The burst of rock shards engulfs the acid blob!
You kill the acid blob!
That felt strangely unrewarding.
The burst of rock shards engulfs the shining eye!
The burst of rock shards engulfs the acid blob!!
You kill the acid blob!
That felt strangely unrewarding.
The burst of rock shards engulfs the azure jelly!
The burst of rock shards engulfs the acid blob!
The burst of rock shards engulfs the shining eye!
You kill the shining eye!
The burst of rock shards engulfs the azure jelly!
You block the slime creature's attack.
A slime creature comes into view.
The great orb of eyes barely misses you.
The acid blob spits acid at you. The splash of acid misses you.
The splash of acid hits the azure jelly.
The azure jelly completely resists.
The acid blob spits acid at you. The splash of acid hits you. You resist.
The acid corrodes you!
You are splashed with acid.
You resist.
* * * LOW HITPOINT WARNING * * *
You can now pass through a line of other dancers.
Evoke which item? (* to show all) (? for menu, Esc to quit)
The tremorstone explodes into fragments!
The burst of rock shards engulfs the azure jelly!!
The burst of rock shards engulfs the acid blob!!
The burst of rock shards engulfs the azure jelly! x2
The burst of rock shards engulfs the acid blob!!
The burst of rock shards engulfs the azure jelly!
The burst of rock shards engulfs the great orb of eyes.
The burst of rock shards engulfs you!!
* * * LOW HITPOINT WARNING * * *
The burst of rock shards engulfs the acid blob!!
The burst of rock shards engulfs the azure jelly!! x4
You kill the azure jelly!
That felt strangely unrewarding.
The burst of rock shards engulfs the azure jelly!
You kill the azure jelly!
That felt strangely unrewarding.
The tin is emptied!
The acid blob hits you.
You are splashed with acid.
You resist. You block the slime creature's attack.
The great orb of eyes bites you!
* * * LOW HITPOINT WARNING * * *
The acid blob hits you!
* * * LOW HITPOINT WARNING * * *
You are splashed with acid.
You resist.
* * * LOW HITPOINT WARNING * * *
The azure jelly closely misses you. The azure jelly hits you!
You die...

, , ,
.................
,
.................
, ,, ,
...#####.####....
, , , ,..## *#..#
#... ,,, , .##$(
#.## [##.. , , ,,
##?"$##..##![/##
,, , ,,,,
#$[$|=.J..?|)|?#
, ,
#):|=JJGJ..$[?!#
, , , , *
#$?.=J@JJ|.()##*
, , , *
##...J.J....##* ,
, , ,
#....J.J.....#,
,, ,, ,
..J.............
, , , ,
###..........###
,,, , ,,
#)!.)....).?(#* ,
,,,
#[)||...J..)[(?*
, , ,
#$"})?....?=φ:$ ,
, , , **,, ,, ,


You could see 5 acid blobs, 5 azure jellies, a great orb of eyes, 2 slime
creatures and a death ooze.

Vanquished Creatures
  the Royal Jelly (Slime:5)
  Vashnia (Snake:4)
  Nikola (Shoals:4)
  Jorgrun (Shoals:3)
  12 acid blobs
  A kraken (Shoals:3)
  Gastronok (Orc:1)
  Donald (Shoals:2)
  9 nagarajas
  10 azure jellies
  An orc warlord (Orc:2)
  A dire elephant (Gauntlet)
  A minotaur (Gauntlet)
  Snorg (D:10)
  2 merfolk javelineers
  A death ooze (Slime:5)
  4 hydras
  11 merfolk impalers
  18 naga warriors
  A great orb of eyes (Slime:5)
  Harold (D:8)
  An alligator snapping turtle (Shoals:4)
  2 merfolk avatars
  A centaur warrior (D:10)
  11 anacondas
  2 merfolk aquamancers (Shoals:4)
  A queen ant (Gauntlet)
  An ogre mage (Orc:2)
  A two-headed ogre (D:9)
  2 orc high priests (Orc:2)
  5 shock serpents
  Urug (D:11)
  7 naga sharpshooters
  Nergalle (D:11)
  3 salamander mystics
  2 glowing orange brains
  8 sea snakes
  4 orc knights
  13 harpies
  13 naga ritualists
  Pikel (D:8)
  6 orc sorcerers (Orc:2)
  5 shining eyes
  3 cyclopes
  8 mana vipers
  4 manticores
  An oklob plant (Gauntlet)
  6 salamanders
  An ugly thing (D:9)
  4 fauns (Shoals:2)
  4 merfolk sirens
  3 elephants (Gauntlet)
  12 naga magi
  5 water nymphs
  23 black mambas
  8 guardian serpents
  Joseph (D:8)
  7 cane toads
  5 eyes of devastation
  Psyche (D:10)
  8 komodo dragons
  27 merfolk
  8 trolls
  8 wind drakes
  A polar bear (Lair:2)
  54 slime creatures
  3 snapping turtles
  6 hippogriffs
  10 dream sheep
  2 shadows (D:11)
  5 water elementals
  9 spriggans (Lair:2)
  21 yaks
  2 wyverns (D:11)
  6 basilisks
  Grum (D:11)
  A steam dragon (D:7)
  A golden eye (Slime:5)
  61 nagas
  3 acid dragons
  2 insubstantial wisps (D:7)
  6 wargs
  14 water moccasins
  4 soldier ants (Gauntlet)
  Duvessa (D:4)
  30 orc warriors
  15 porcupines
  6 sky beasts
  2 black bears (D:8)
  5 ice beasts
  A phantom (D:9)
  5 eyes of draining
  20 ogres
  4 centaurs
  2 wolves (D:11)
  4 lemures (D:8)
  11 crocodiles
  5 big kobolds
  3 gnoll sergeants
  10 bullfrogs
  Dowan (D:4)
  A water moccasin skeleton (D:8)
  6 scorpions
  9 killer bees
  3 wights (D:7)
  2 howler monkeys (D:11)
  2 quasits (D:10)
  2 hounds
  3 jellies
  9 orc priests
  A bullfrog zombie (D:11)
  2 centaur skeletons
  2 gnoll shamans (D:7)
  20 orc wizards
  Natasha (thrice) (D:4)
  An iguana (D:7)
  7 worker ants
  7 hell rats (Lair:6)
  A killer bee zombie (D:9)
  4 hound skeletons
  2 hound zombies
  Robin (D:4)
  2 howler monkey zombies
  A howler monkey skeleton (D:5)
  17 adders
  25 gnolls
  2 shadow imps
  2 white imps
  2 ufetubi
  An adder skeleton (D:6)
  An adder zombie (D:9)
  4 worms
  3 leopard geckos
  65 orcs
  3 bats
  4 giant cockroaches
  13 hobgoblins
  6 jackals (D:4)
  12 kobolds
  2 quokkas
  4 ball pythons
  2 frilled lizards
  7 goblins
  A jackal skeleton (D:5)
  2 quokka zombies
  2 rats (D:3)
  3 tentacles (Shoals:3)
929 creatures vanquished.

Vanquished Creatures (others)
  Kirke (Shoals:4)
  3 nagarajas
  An orc high priest (Orc:2)
  A naga sharpshooter (Snake:4)
  A guardian serpent (Snake:4)
  A naga mage (Snake:3)
  A wind drake (Shoals:4)
  5 humans (Shoals:4)
  3 nagas (Snake:4)
  A sky beast (D:7)
  9 fungi
  92 plants
  5 tentacles (Shoals:3)
  2 withered plants (Shoals:4)
126 creatures vanquished.

Grand Total: 1055 creatures vanquished

Notes
Turn   | Place    | Note
-------+----------+-------------------------------------------
     0 | D:1      | EnegeticOcto the Deep Dwarf Fighter began the quest for the
                  | Orb.
     0 | D:1      | Reached XP level 1. HP: 20/20 MP: 1/1
   135 | D:3      | Reached XP level 2. HP: 21/27 MP: 2/2
   193 | D:3      | Reached XP level 3. HP: 25/34 MP: 3/3
   294 | D:3      | Reached XP level 4. HP: 39/42 MP: 4/4
   334 | D:3      | Reached XP level 5. HP: 44/49 MP: 5/5
   356 | D:4      | Noticed Natasha
   370 | D:4      | Killed Natasha
   381 | D:4      | Noticed an ogre
   391 | D:4      | Killed an ogre
   428 | D:4      | Noticed Robin
   435 | D:4      | Reached XP level 6. HP: 39/56 MP: 6/6
   450 | D:4      | Killed Robin
   484 | D:4      | Found a shadowy altar of Dithmenos.
   497 | D:4      | Noticed Natasha
   504 | D:4      | Killed Natasha
   555 | D:4      | Noticed Duvessa
   556 | D:4      | Noticed Dowan
   572 | D:4      | Killed Duvessa
   572 | D:4      | Reached skill level 5 in Axes
   577 | D:4      | Killed Dowan
   686 | D:4      | Noticed Natasha
   691 | D:4      | Killed Natasha
   866 | D:4      | Reached XP level 7. HP: 33/64 MP: 7/7
  1073 | D:5      | Entered Level 5 of the Dungeon
  1123 | D:5      | Reached skill level 5 in Armour
  1123 | D:5      | Reached skill level 5 in Shields
  1491 | D:5      | Found a sacrificial altar of Ru.
  1541 | D:5      | Found a glowing silver altar of Zin.
  1559 | D:5      | Reached XP level 8. HP: 57/73 MP: 7/7
  1938 | D:5      | Found an ancient bone altar of Kikubaaqudgha.
  2265 | D:6      | Found a staircase to the Ecumenical Temple.
  2283 | Temple   | Entered the Ecumenical Temple
  2804 | D:6      | Reached skill level 5 in Fighting
  2819 | D:6      | Found Ginnuud's General Store.
  2917 | D:6      | Found Sijoy's Weapon Boutique.
  2920 | D:6      | Bought a +1 vampiric war axe for 227 gold pieces
  3006 | Temple   | Became a worshipper of Uskayaw the Reveler
  3130 | D:7      | Reached * piety under Uskayaw
  3138 | D:7      | Reached ** piety under Uskayaw
  3146 | D:7      | Reached skill level 1 in Invocations
  3148 | D:7      | Reached *** piety under Uskayaw
  3152 | D:7      | Reached **** piety under Uskayaw
  3162 | D:7      | Reached skill level 2 in Invocations
  3308 | D:7      | Reached skill level 3 in Invocations
  3309 | D:7      | Gained mutation: You passively map the area around you.
                  | [Deep Dwarf growth]
  3309 | D:7      | Reached XP level 9. HP: 70/81 MP: 7/9
  3309 | D:7      | Reached ***** piety under Uskayaw
  3314 | D:7      | Reached skill level 4 in Invocations
  3457 | D:7      | Found a hazy altar of Hepliaklqana.
  3995 | D:8      | Noticed Joseph
  4003 | D:8      | Killed Joseph
  4003 | D:8      | Reached skill level 5 in Invocations
  4110 | D:8      | Found a bloodstained altar of Trog.
  4129 | D:8      | Reached skill level 6 in Invocations
  4213 | D:8      | Reached XP level 10. HP: 90/91 MP: 12/12
  4234 | D:8      | Noticed Harold
  4241 | D:8      | Killed Harold
  4241 | D:8      | Reached skill level 10 in Axes
  4241 | D:8      | Reached skill level 7 in Invocations
  4385 | D:8      | Noticed Pikel
  4408 | D:8      | Killed Pikel
  4408 | D:8      | Reached skill level 8 in Invocations
  5002 | D:9      | Found a burning altar of Makhleb.
  5036 | D:9      | Noticed a two-headed ogre
  5047 | D:9      | Killed a two-headed ogre
  5150 | D:9      | Reached skill level 9 in Invocations
  5313 | D:9      | Noticed a white ugly thing
  5324 | D:9      | Killed a white ugly thing
  5324 | D:9      | Reached XP level 11. HP: 86/100 MP: 15/15
  5345 | D:9      | Got a transparent lead ring
  5494 | D:10     | Entered Level 10 of the Dungeon
  5494 | D:10     | Noticed Psyche
  5500 | D:10     | Killed Psyche
  5539 | D:10     | Identified the ring of Wofaoti {+Fly rPois MR++ Str-2} (You
                  | found it on level 9 of the Dungeon)
  5866 | D:10     | Noticed Snorg
  5891 | D:10     | Killed Snorg
  6051 | D:10     | Found a staircase to the Orcish Mines.
  6060 | D:10     | Reached skill level 10 in Invocations
  6069 | D:10     | Reached ****** piety under Uskayaw
  6142 | D:10     | Noticed a centaur warrior
  6156 | D:10     | Killed a centaur warrior
  6273 | D:11     | Noticed Nergalle
  6290 | D:11     | Killed Nergalle
  6377 | D:11     | Noticed Grum
  6390 | D:11     | Killed Grum
  6501 | D:11     | Noticed Urug
  6522 | D:11     | Killed Urug
  6522 | D:11     | Reached skill level 11 in Invocations
  6706 | D:11     | Reached XP level 12. HP: 78/110 MP: 18/18
  6735 | D:11     | Found a staircase to the Lair.
  7259 | Orc:1    | Entered Level 1 of the Orcish Mines
  7546 | Orc:1    | Found a shimmering blue altar of Sif Muna.
  7604 | Orc:1    | Noticed Gastronok
  7634 | Orc:1    | Killed Gastronok
  7634 | Orc:1    | Reached skill level 12 in Invocations
  7681 | Orc:1    | Found Hequap's Jewellery Shop.
  8061 | Orc:2    | Entered Level 2 of the Orcish Mines
  8077 | Orc:2    | Noticed an orc high priest
  8091 | Orc:2    | Reached skill level 10 in Armour
  8099 | Orc:2    | Reached skill level 10 in Shields
  8101 | Orc:2    | Killed an orc high priest
  8246 | Orc:2    | Found Kymno's Gadget Shoppe.
  8273 | Orc:2    | Bought a condenser vane (2/2) for 240 gold pieces
  8304 | Orc:2    | Found a staircase to the Elven Halls.
  8324 | Orc:2    | Found Zemyeqij's Magic Scroll Boutique.
  8345 | Orc:2    | Found Sixkuesao's Book Boutique.
  8370 | Orc:2    | Reached skill level 1 in Evocations
  8423 | Orc:2    | Bought a scroll of teleportation for 39 gold pieces
  8430 | Orc:2    | Found Sirhoef's Distillery.
  8473 | Orc:2    | Found Fuadop's Antique Armour Emporium.
  8473 | Orc:2    | Noticed an orc warlord
  8473 | Orc:2    | Noticed an orc high priest
  8488 | Orc:2    | Killed an orc warlord
  8488 | Orc:2    | Killed an orc high priest
  8488 | Orc:2    | Reached skill level 13 in Invocations
  8489 | Orc:2    | Reached XP level 13. HP: 118/118 MP: 18/18
  8605 | Orc:2    | Found Joideps's General Store.
  8613 | Orc:2    | Bought a scroll of acquirement for 832 gold pieces
  8613 | Orc:2    | Acquired 510 gold pieces
  8736 | Orc:2    | Found Uruw's General Store.
  8746 | Orc:2    | Found Qevummuc's Antique Weapon Emporium.
  8803 | Orc:2    | Found Lunelaa's General Store.
  9262 | Lair:1   | Entered Level 1 of the Lair of Beasts
  9851 | Lair:2   | Got a transparent marble ring
 10482 | Lair:2   | Reached skill level 14 in Invocations
 10867 | Lair:3   | Found a gate leading to a gauntlet.
 10898 | Gauntlet | Entered a Gauntlet
 10898 | Gauntlet | Found a transporter.
 10903 | Gauntlet | Found a transporter.
 10904 | Gauntlet | Found a transporter.
 10918 | Gauntlet | Found a transporter.
 10919 | Gauntlet | Found a transporter.
 10935 | Gauntlet | Noticed a dire elephant
 10937 | Gauntlet | Found a transporter.
 10945 | Gauntlet | Found a transporter.
 10959 | Gauntlet | Reached skill level 5 in Evocations
 10966 | Gauntlet | Found a transporter.
 10978 | Gauntlet | Found a transporter.
 10979 | Gauntlet | Noticed a dire elephant
 11002 | Gauntlet | Found a transporter.
 11003 | Gauntlet | Found the +0 mask of the Dragon {MR+ Slay+3 SInv}
 11011 | Gauntlet | Killed a dire elephant
 11034 | Gauntlet | Found a transporter.
 11036 | Gauntlet | Identified the ring of Lauta {rPois rC+ MR++ Str+2 Dex+2}
                  | (You found it on level 2 of the Lair of Beasts)
 11047 | Gauntlet | Noticed a minotaur
 11071 | Gauntlet | Killed a minotaur
 11071 | Gauntlet | Gained mutation: You resist negative energy. (rN+) [Deep
                  | Dwarf growth]
 11071 | Gauntlet | Reached XP level 14. HP: 75/129 MP: 19/19
 11082 | Gauntlet | Got an encrusted war axe
 11254 | Lair:3   | Found a staircase to the Shoals.
 11801 | Orc:1    | Bought the ring "Kimeng" {rPois rF+ MR+ MP+9} for 993 gold
                  | pieces
 12112 | Lair:4   | Found a staircase to the Snake Pit.
 12151 | Snake:1  | Entered Level 1 of the Snake Pit
 12152 | Snake:1  | Identified the +3 war axe "Lain" {holy, *Rage MR+ Str+3
                  | Dex+2} (You found it in a Gauntlet)
 12279 | Snake:1  | You fall into a shaft and drop 1 floor!
 12511 | Snake:3  | Reached skill level 15 in Invocations
 12584 | Snake:3  | Noticed a nagaraja
 12604 | Snake:3  | Killed a nagaraja
 12635 | Snake:3  | Reached skill level 15 in Axes
 12799 | Snake:3  | Noticed a nagaraja
 12853 | Snake:3  | Killed a nagaraja
 12908 | Snake:3  | Noticed a nagaraja
 12921 | Snake:3  | Killed a nagaraja
 12926 | Snake:3  | Reached skill level 10 in Fighting
 12928 | Snake:4  | Entered Level 4 of the Snake Pit
 13078 | Snake:4  | Reached XP level 15. HP: 138/138 MP: 21/21
 13207 | Snake:4  | Reached skill level 16 in Invocations
 13283 | Snake:4  | Noticed a nagaraja
 13298 | Snake:4  | Noticed Vashnia
 13298 | Snake:4  | Noticed a nagaraja
 13310 | Snake:4  | Killed a nagaraja
 13315 | Snake:4  | Killed a nagaraja
 13319 | Snake:4  | Noticed a nagaraja
 13323 | Snake:4  | Noticed a nagaraja
 13328 | Snake:4  | Noticed a nagaraja
 13338 | Snake:4  | Noticed a nagaraja
 13345 | Snake:4  | Killed a nagaraja
 13348 | Snake:4  | Killed a nagaraja
 13348 | Snake:4  | Killed a nagaraja
 13354 | Snake:4  | Killed a nagaraja
 13354 | Snake:4  | Reached skill level 17 in Invocations
 13415 | Snake:4  | Killed Vashnia
 13415 | Snake:4  | Reached XP level 16. HP: 127/148 MP: 13/21
 13605 | Snake:4  | Got a serpentine rune of Zot
 14378 | Shoals:1 | Entered Level 1 of the Shoals
 14394 | Shoals:1 | Reached skill level 10 in Evocations
 14609 | Shoals:2 | Noticed Donald
 14621 | Shoals:2 | Reached skill level 18 in Invocations
 14646 | Shoals:2 | Killed Donald
 14704 | Shoals:2 | Acquired 700 gold pieces
 14738 | Shoals:2 | Noticed Roxanne
 14750 | Shoals:2 | Identified the -5 pair of boots of the Armoured One {Int+3}
                  | (You found it on level 2 of the Shoals)
 14915 | Shoals:3 | Noticed a kraken
 14933 | Shoals:3 | Killed a kraken
 15041 | Shoals:3 | Noticed Jorgrun
 15061 | Shoals:3 | Killed Jorgrun
 15162 | Shoals:4 | Entered Level 4 of the Shoals
 15307 | Shoals:4 | Reached XP level 17. HP: 143/157 MP: 19/19
 15374 | Shoals:4 | Noticed Nikola
 15380 | Shoals:4 | Noticed Kirke
 15396 | Shoals:4 | Killed Kirke
 15409 | Shoals:4 | Killed Nikola
 15660 | Shoals:4 | Found a runed translucent door.
 15661 | Shoals:4 | Noticed DEFE's ghost (adept DsWn)
 16011 | Shoals:4 | Reached skill level 19 in Invocations
 16066 | Shoals:4 | Got a barnacled rune of Zot
 16991 | Lair:6   | Entered Level 6 of the Lair of Beasts
 17268 | Lair:6   | Found a staircase to the Slime Pits.
 17287 | Slime:1  | Entered Level 1 of the Pits of Slime
 17339 | Slime:1  | Noticed an acid blob
 17350 | Slime:1  | Killed an acid blob
 17390 | Slime:1  | Noticed an acid blob
 17406 | Slime:1  | Killed an acid blob
 17413 | Slime:1  | Noticed an acid blob
 17425 | Slime:1  | Killed an acid blob
 17619 | Slime:4  | Noticed an acid blob
 17627 | Slime:4  | Noticed an acid blob
 17637 | Slime:4  | Killed an acid blob
 17639 | Slime:4  | Killed an acid blob
 17639 | Slime:4  | Gained mutation: You passively map a large area around you.
                  | [Deep Dwarf growth]
 17639 | Slime:4  | Reached XP level 18. HP: 168/168 MP: 20/20
 17650 | Slime:4  | Gained mutation: Your magical capacity is low. (-10% MP) [a
                  | shining eye]
 17663 | Slime:5  | Entered Level 5 of the Pits of Slime
 17703 | Slime:5  | Reached skill level 20 in Invocations
 17719 | Slime:5  | Gained mutation: You are weak. (Str -2) [a shining eye]
 17753 | Slime:5  | Found a viscous altar of Jiyva.
 17754 | Slime:5  | Noticed the Royal Jelly
 17761 | Slime:5  | Killed the Royal Jelly
 17764 | Slime:5  | HP: 5/168 [acid blob (15)]
 17764 | Slime:5  | Slain by an azure jelly

Illustrated notes

Levels and vault maps discovered:
D:1:      saegor_arrival_simple_a, layout_loops_corners, grunt_decor_one_mirror
D:2:      layout_loops_ring, kennysheep_generic_room_15
D:3:      layout_rooms, marbit_many_paths, grunt_gozag_breadcrumbs
D:4:      layout_cave_pods, overflow_temple_1_default, uniq_robin, uniq_natasha,
          uniq_duvessa
D:5:      layout_basic, kennysheep_little_box, kennysheep_mini_moat,
          serial_rivers, chequers_serial_rivers_small_3,
          chequers_serial_rivers_small_a, chequers_serial_rivers_micro_e,
          chequers_serial_rivers_small_3, minmay_misc_feat_four_crosses,
          minmay_statues_item, nicolae_ru_sacrificial_ziggurat
D:6:      layout_basic, minmay_temple_entry_grid, serial_shops, shop_fountains,
          nicolae_shop_behind_doors
D:7:      layout_basic, old_standard_altar, hangedman_misty_isle
D:8:      layout_basic, trog_ov_bears_minmay, uniq_harold, uniq_joseph,
          uniq_pikel
D:9:      minmay_blocky_corners, layout_irregular_city, lightli_temple_of_fire,
          minmay_misc_feat_doors
D:10:     layout_roguey, kennysheep_orc_monster_closet_entryway, uniq_psyche,
          uniq_snorg
D:11:     layout_loops_ring, erik_lair_dragon, uniq_nergalle, uniq_urug,
          uniq_grum
D:12:     layout_loops_cross
Temple:   regret_index_temple_generic_petals
Lair:1:   layout_roguey, basic_altar
Lair:2:   kb_forest_paths, layout_chaotic_city, beast_lair_carwin_10,
          infiniplex_staircase_pool
Lair:3:   layout_loops_ring, minmay_shoals_entry_hut, gauntlet_entry_generic
Lair:4:   layout_cellular_growth, minmay_snake_entry_six_corridors,
          fungi_pond_lemuel, grunt_megastairs_1
Lair:5:   layout_cave_pods, minmay_lair_oklob_items
Lair:6:   wormcave, layout_cave_pods, guppyfry_lair_end_dragon,
          minmay_slime_entry_pillars, minivault_19
Shoals:1: layout_shoals, serial_shops, nicolae_shop_trees, abandoned_shop,
          minmay_shop_mayhem, lemuel_altar_in_water
Shoals:2: layout_shoals, uniq_polyphemus, uniq_donald, uniq_roxanne
Shoals:3: layout_shoals, uniq_ilsuiw, uniq_jorgrun
Shoals:4: shoals_end_hangedman, layout_shoals, gammafunk_ghost_grave,
          uniq_kirke, uniq_nikola
Snake:1:  layout_cave_shapes
Snake:2:  layout_grid_maze
Snake:3:  layout_layer_cave, serial_shops, bzr_entry_safe, st_stairs_13,
          guppyfry_library_mini, uniq_aizul
Snake:4:  johnstein_snake_rune_scales, layout_cave_town
Slime:1:  cheibrodos_slime_lost_civilization_8, layout_caves
Slime:2:  layout_caves
Slime:3:  layout_caves
Slime:4:  layout_caves
Slime:5
Orc:1:    nicolae_orc_accident_1, layout_caves, serial_shops, shop,
          led_sif_book, uniq_gastronok
Orc:2:    grunt_orc_gardens, layout_caves, grunt_orc_garden, grunt_orc_garden,
          grunt_orc_garden, grunt_orc_garden, serial_shops, nicolae_shop_trees,
          shop, shop_statue, shop_fountains, shop, mines4_lemuel

Skill      XL: |  1  2  3  4  5  6  7  8  9 10 11 12 13 14 15 16 17 18 |
---------------+-------------------------------------------------------+-----
Axes           | 3 4 5 6 8 9 10 12 13 14 15 16 17 18 | 18.8
Fighting       | 3 4 5 6 7 8 9 10 11 12 | 12.2
Armour         | 4 5 6 7 8 9 10 11 12 13 14 | 14.2
Shields        | 4 5 6 7 8 9 10 11 12 13 14 | 14.2
Invocations    | 3 6 9 11 13 14 15 17 18 19 20 | 20.3
Evocations     | 2 5 7 9 10 | 10.0

Action                   |  1- 3 |  4- 6 |  7- 9 | 10-12 | 13-15 | 16-18 || total
-------------------------+-------+-------+-------+-------+-------+-------++-------
Melee: War axe           |   117 |   123 |   400 |   769 |   861 |  1158 ||  3428
Invok: Stomp             |       |       |       |     4 |    10 |    16 ||    30
       Grand Finale      |       |       |       |     1 |     1 |     1 ||     3
 Abil: Heal Wounds       |     1 |     4 |    11 |    12 |     6 |    16 ||    50
Evoke: Condenser vane    |       |       |       |     1 |     1 |     1 ||     3
       Wand              |       |       |       |       |     2 |       ||     2
       Tin of tremorston |       |       |       |       |       |     5 ||     5
  Use: Scroll            |       |     2 |     9 |    11 |    11 |    10 ||    43
       Potion            |       |       |       |       |       |     1 ||     1
 Stab: Paralysed         |       |       |    28 |   122 |   157 |   138 ||   445
       Confused          |       |       |       |     3 |     4 |       ||     7
Armor: Scale mail        |    65 |    67 |   167 |       |       |       ||   299
       Chain mail        |       |       |    15 |   418 |   253 |       ||   686
       Plate armour      |       |       |       |       |   256 |   454 ||   710
Dodge: Dodged            |    51 |    47 |   133 |   199 |   141 |   117 ||   688
Block: Kite shield       |    67 |    84 |   271 |   528 |   251 |       ||  1201
       Tower shield      |       |       |       |       |   514 |  1034 ||  1548
       Reflection        |       |       |       |       |    68 |    58 ||   126

Table legend: (Time is in decaauts)
 A = Elapsed time spent in this place.
 B = Non-inter-level travel time spent in this place.
 C = Inter-level travel time spent in this place.
 D = Time resting spent in this place.
 E = Time spent auto-exploring this place.
 F = Levels seen in this place.
 G = Mean time per level.
                   A        B        C        D        E       F      G
               +--------+--------+--------+--------+--------+-----+--------+
         Total |  17718 |  15993 |   1725 |     45 |  10599 |  35 |  506.2 |
       Dungeon |   7494 |   6754 |    740 |      0 |   4767 |  12 |  624.5 |
        Temple |    316 |    206 |    110 |      0 |    203 |   1 |  316.0 |
          Lair |   3435 |   3070 |    365 |     26 |   2410 |   6 |  572.5 |
        Shoals |   1851 |   1685 |    166 |      2 |    758 |   4 |  462.8 |
     Snake Pit |   2083 |   1902 |    181 |      0 |   1119 |   4 |  520.8 |
    Slime Pits |    419 |    403 |     16 |     17 |    101 |   5 |   83.8 |
  Orcish Mines |   1940 |   1796 |    144 |      0 |   1239 |   2 |  970.0 |
      Gauntlet |    177 |    177 |      0 |      0 |      0 |   1 |  177.0 |
               +--------+--------+--------+--------+--------+-----+--------+

Top non-repeatable levels by time:
    D:11: 1152 daAuts
  Lair:2: 1084 daAuts
   Orc:2: 1036 daAuts
     D:5: 1035 daAuts
Shoals:4: 951 daAuts
    D:10: 940 daAuts
   Orc:1: 903 daAuts
     D:7: 898 daAuts
  Lair:3: 827 daAuts
     D:8: 808 daAuts
     D:4: 756 daAuts
  Lair:5: 748 daAuts
     D:6: 746 daAuts
 Snake:2: 713 daAuts
     D:9: 702 daAuts
